[Event "Titled Tuesday Blitz February 28 Early 2023"]
[White "polandchessplayer"]
[Black "Lazavik, Denis"]
[BlackFideId "13515110"]
[WhiteElo "2771"]
[BlackElo "2560"]
[Result "0-1"]
[Round "03"]
[TimeControl "180+2"]
[Date "2023.02.28"]
[WhiteClock "0:00:05"]
[BlackClock "0:00:05"]

1. d4 Nf6 2. Nf3 d5 3. g3 c6 4. Bg2 Bf5 5. O-O e6 6. Bg5 Be7 7. Nbd2 Nbd7 8. c3 h6 9. Bf4 O-O 10. Ne5 c5 11. Nxd7 Qxd7 12. h3 cxd4 13. cxd4 Rfc8 14. Qb3 Bc2 15. Qe3 Qb5 16. Nb3 Rc4 17. Rfe1 Rac8 18. g4 Nh7 19. Rec1 a5 20. Nd2 R4c6 21. Nf3 Qxb2 22. Ne5 Rc3 23. Qd2 Bb4 24. Bxh6 R3c7 25. Qf4 gxh6 26. e3 Bd6 27. Bf1 Bg6 28. Rxc7 Rxc7 29. Rd1 Ng5 30. h4 Bxe5 31. dxe5 Ne4 32. h5 Bh7 33. Bg2 Rc1 34. Rxc1 Qxc1+ 35. Kh2 Qd2 36. Bxe4 dxe4 37. g5 Bf5 38. gxh6 Kh7 39. Qg3 Kxh6 40. Qf4+ Kh7 41. h6 Qd8 42. Qg3 Qg8 43. Qh4 Qg6 44. Qe7 Qxh6+ 45. Kg1 Qg7+ 46. Kf1 b5 47. Qd8 Bg6 48. Qxa5 Qxe5 49. Qd8 Qd5 50. Qh4+ Kg7 51. Qf4 b4 52. Qb8 Bh5 53. Qxb4 Bf3 54. Qb2+ Kh7 55. Kg1 Qd1+ 56. Kh2 Qh1+ 57. Kg3 Qg2+ 58. Kf4 Qh2+ 59. Kg5 Qh6# 0-1


[Site "https://www.chess.com"]

[Event "Titled Tuesday Blitz February 28 Early 2023"]
[White "Gledura, Benjamin"]
[Black "Adhiban, B."]
[WhiteFideId "712779"]
[BlackFideId "5018471"]
[WhiteElo "2537"]
[BlackElo "2587"]
[Result "0-1"]
[Round "03"]
[TimeControl "180+2"]
[Date "2023.02.28"]
[WhiteClock "0:00:08"]
[BlackClock "0:00:20"]

1. g3 e5 2. c4 h5 3. Bg2 h4 4. Nc3 Nc6 5. d3 Bb4 6. Bd2 d6 7. Qc1 h3 8. Bxc6+ bxc6 9. Nf3 Bg4 10. O-O Bxc3 11. Bxc3 c5 12. Qe3 f6 13. Nd2 Ne7 14. f3 Bd7 15. Qf2 O-O 16. b4 cxb4 17. Bxb4 c5 18. Bc3 f5 19. Rab1 Bc6 20. Nb3 Rc8 21. Na5 Ba8 22. Rb2 Ng6 23. Rfb1 Rf7 24. Bd2 Kh7 25. Rb3 e4 26. dxe4 fxe4 27. f4 Qd7 28. Qe3 d5 29. cxd5 Bxd5 30. Rc3 c4 31. Rd1 Qg4 32. Bc1 Nxf4 33. Rc2 Rcf8 34. Qxf4 Rxf4 35. Bxf4 Rxf4 36. Rxd5 e3 37. Re5 Rf2 38. Rxc4 Qxe2 0-1


[Site "https://www.chess.com"]

[Event "Titled Tuesday Blitz February 28 Early 2023"]
[White "Sarana, Alexey"]
[Black "Milikow, Yoav"]
[WhiteFideId "24133795"]
[BlackFideId "2822237"]
[WhiteElo "2717"]
[BlackElo "2410"]
[Result "1-0"]
[Round "03"]
[TimeControl "180+2"]
[Date "2023.02.28"]
[WhiteClock "0:00:59"]
[BlackClock "0:00:05"]

1. c4 e5 2. Nf3 e4 3. Nd4 Nc6 4. e3 Nf6 5. Nc3 Bc5 6. Nde2 O-O 7. Ng3 Re8 8. a3 d6 9. Qc2 Qe7 10. b4 Bb6 11. Bb2 h5 12. Nd5 Nxd5 13. cxd5 Ne5 14. Nxh5 Bf5 15. f4 Qh4+ 16. Ng3 Nd3+ 17. Bxd3 exd3 18. Qc3 f6 19. O-O Bh7 20. f5 a5 21. b5 a4 22. Qxd3 Re7 23. Kh1 Rae8 24. Rf4 Qg5 25. Raf1 Qh6 26. Bd4 Ba5 27. Bc3 Bb6 28. Qc4 Kf8 29. Rh4 1-0


[Site "https://www.chess.com"]

[Event "Titled Tuesday Blitz February 28 Early 2023"]
[White "Bortnyk, Olexandr"]
[Black "Mikhailovsky, Vladimir"]
[WhiteFideId "14120828"]
[BlackFideId "34105414"]
[WhiteElo "2734"]
[BlackElo "2282"]
[Result "1/2-1/2"]
[Round "03"]
[TimeControl "180+2"]
[Date "2023.02.28"]
[WhiteClock "0:00:03"]
[BlackClock "0:00:10"]

1. d4 d6 2. Nc3 e5 3. Nf3 exd4 4. Nxd4 Nf6 5. g3 d5 6. Bg2 c6 7. O-O Be7 8. e4 dxe4 9. Nxe4 O-O 10. Bf4 Na6 11. c3 Nc5 12. Nxc5 Bxc5 13. Nb3 Qxd1 14. Raxd1 Bb6 15. Bd6 Re8 16. Nc5 Re2 17. Na4 Bg4 18. h3 Bh5 19. g4 Bg6 20. Bf3 Rc2 21. Nxb6 axb6 22. Ba3 Be4 23. Bxe4 Nxe4 24. Rd7 h6 25. Rxb7 Nd2 26. Rd1 Nc4 27. Rdd7 Nxa3 28. bxa3 Rf8 29. Rd3 Rxa2 30. Rxb6 Rxa3 31. Rxc6 Ra7 32. c4 Re8 33. Kg2 Re2 34. Rf3 Rc2 35. Rf4 f6 36. h4 Kh7 37. h5 Rd7 38. Kg3 Rc3+ 39. f3 Rc2 40. Re4 Rf7 41. Re8 g6 42. hxg6+ Kxg6 43. Rg8+ Kh7 44. Rcc8 f5 45. Rh8+ Kg7 46. Rcg8+ Kf6 47. Rxh6+ Ke7 48. Rc6 fxg4 49. Rc7+ Ke6 50. Rxf7 Kxf7 51. Rxg4 Kf6 52. Rf4+ Ke5 53. Re4+ Kf5 54. Rg4 Ke5 55. Rf4 Rc1 56. Re4+ Kf5 57. Kf2 Rc3 58. Ke2 Kg5 59. Rd4 Kf5 60. Rg4 Ke5 61. Re4+ Kf5 62. Rd4 Ke5 63. Rh4 Kf5 64. Re4 Kg5 65. Kd2 Rxf3 66. Re8 Kg6 67. c5 Kf7 68. Re5 Rf6 69. Kd3 Re6 70. Rh5 Ke7 71. Kc4 Kd7 72. Kb5 Kc7 73. Rh7+ Kc8 74. Rh8+ Kc7 75. Rh7+ Kc8 76. Rg7 Rf6 77. Rg5 Rh6 78. Rf5 Rg6 79. Rf3 Rh6 80. Ra3 Rg6 81. Ra8+ Kb7 82. Re8 Kc7 83. Re5 Rh6 84. Kc4 Rg6 85. Kd5 Rh6 86. Re7+ Kb8 87. Rd7 Kc8 88. Rd6 Rh5+ 89. Kc6 Rh7 90. Rg6 Rc7+ 91. Kb6 Rb7+ 92. Ka6 Rf7 93. Rc6+ Kb8 94. Rd6 Kc7 95. Rh6 Rf1 96. Kb5 Rb1+ 97. Kc4 Rc1+ 1/2-1/2


[Site "https://www.chess.com"]

[Event "Titled Tuesday Blitz February 28 Early 2023"]
[White "Hambleton, Aman"]
[Black "Daneshvar, Bardiya"]
[WhiteFideId "2606577"]
[BlackFideId "12576468"]
[WhiteElo "2511"]
[BlackElo "2482"]
[Result "1-0"]
[Round "03"]
[TimeControl "180+2"]
[Date "2023.02.28"]
[WhiteClock "0:00:03"]
[BlackClock "0:00:01"]

1. d4 Nf6 2. Bf4 c5 3. e3 cxd4 4. exd4 d5 5. c3 Nc6 6. Bd3 Bg4 7. Qb3 Na5 8. Qa4+ Bd7 9. Qc2 Nh5 10. Be3 Qc7 11. Nf3 Nc6 12. Bxh7 g6 13. Bxg6 fxg6 14. Qxg6+ Kd8 15. Ng5 Qb6 16. Nf7+ Kc8 17. Nxh8 Qxb2 18. O-O Qxa1 19. Qc2 Ng7 20. Nd2 Bf5 21. Qb3 Qxf1+ 22. Nxf1 e6 23. Ng3 b6 24. Nxf5 Nxf5 25. Ng6 Bd6 26. Bf4 Kb7 27. Bxd6 Nxd6 28. Nf4 Re8 29. g3 Ne4 30. h4 Rf8 31. h5 Rf6 32. Qc2 Ne7 33. Kg2 Nf5 34. Qd3 Nh6 35. c4 Ng4 36. f3 Nef2 37. Qe2 dxc4 38. fxg4 1-0


[Site "https://www.chess.com"]

[Event "Titled Tuesday Blitz February 28 Early 2023"]
[White "Tatarinov, Dmitry"]
[Black "Sadhwani, Raunak"]
[WhiteFideId "24160067"]
[BlackFideId "35093487"]
[WhiteElo "2326"]
[BlackElo "2631"]
[Result "0-1"]
[Round "03"]
[TimeControl "180+2"]
[Date "2023.02.28"]
[WhiteClock "0:00:33"]
[BlackClock "0:01:44"]

1. d4 g6 2. Nf3 d6 3. e4 Bg7 4. Bc4 Nf6 5. Qe2 Nc6 6. h3 O-O 7. O-O e5 8. dxe5 Nxe5 9. Nxe5 dxe5 10. Rd1 Qe7 11. a4 Nh5 12. b3 Nf4 13. Qf3 Qf6 14. Kh2 h5 15. Nc3 c6 16. Ne2 g5 17. Ba3 g4 18. hxg4 Bxg4 19. Qe3 Bh6 20. Qg3 Nxe2 21. Bxe2 Bf4 0-1


[Site "https://www.chess.com"]

[Event "Titled Tuesday Blitz February 28 Early 2023"]
[White "Tabatabaei, M. Amin"]
[Black "Mahdavi, Reza"]
[WhiteFideId "12521213"]
[BlackFideId "12595926"]
[WhiteElo "2565"]
[BlackElo "2242"]
[Result "0-1"]
[Round "03"]
[TimeControl "180+2"]
[Date "2023.02.28"]
[WhiteClock "0:00:15"]
[BlackClock "0:00:15"]

1. d4 Nf6 2. Nf3 g6 3. Nbd2 d5 4. b3 Bg7 5. Bb2 O-O 6. e3 b6 7. c4 e6 8. Be2 Bb7 9. O-O Nbd7 10. Rc1 c5 11. cxd5 Nxd5 12. Nc4 Qe7 13. Qd2 Rfd8 14. Rfd1 Rac8 15. h3 cxd4 16. Nxd4 Nc5 17. Qe1 e5 18. Nb5 Qg5 19. Bf3 e4 20. Be2 Bxb2 21. Nxb2 Nd3 22. Nxd3 exd3 23. Rxc8 Bxc8 24. Bf3 Nxe3 25. Qxe3 Qxb5 26. Be4 Bf5 27. Bxf5 Qxf5 28. Rd2 h5 29. h4 Kg7 30. g3 Rd6 31. Kg2 a5 32. Qf3 Kf6 33. Qe3 Qd5+ 34. Kg1 Qd4 35. Qf3+ Kg7 36. Kg2 b5 37. Kg1 a4 38. bxa4 bxa4 39. Kg2 a3 40. Kh2 Rf6 41. Qg2 Qc3 42. f4 Rb6 0-1


[Site "https://www.chess.com"]

[Event "Titled Tuesday Blitz February 28 Early 2023"]
[White "Goltsev, Dmitry"]
[Black "Makarian, Rudik"]
[WhiteFideId "24176710"]
[BlackFideId "44105681"]
[WhiteElo "2302"]
[BlackElo "2419"]
[Result "0-1"]
[Round "03"]
[TimeControl "180+2"]
[Date "2023.02.28"]
[WhiteClock "0:01:24"]
[BlackClock "0:00:41"]

1. e4 c5 2. Nf3 e6 3. d4 cxd4 4. Nxd4 Nc6 5. Nc3 a6 6. Be2 Qc7 7. O-O Nf6 8. Be3 Be7 9. f4 d6 10. Bf3 O-O 11. Qe2 Nxd4 12. Bxd4 e5 13. fxe5 dxe5 14. Be3 Be6 15. Rad1 Bc4 16. Qf2 Bxf1 17. Kxf1 Rac8 18. g4 Bb4 19. g5 Bxc3 20. gxf6 Bd4 21. Qg3 g6 22. Qh4 Bxe3 23. Rd3 Bf4 24. Be2 Qxc2 25. Rh3 Qc1+ 26. Kg2 Bh6 27. Qxh6 Qxh6 28. Rxh6 Rc6 29. Rh3 Rxf6 30. Bc4 Rc8 31. Bd5 Rc2+ 32. Kg1 Rxb2 33. Rc3 Kg7 34. h4 h5 35. a4 b5 36. a5 Rb1+ 37. Kh2 Ra1 38. Rc7 Rxa5 39. Rb7 Ra3 40. Kg2 Rf4 41. Be6 Re3 42. Bd5 Rexe4 43. Bxe4 Rxe4 44. Kf3 Rxh4 45. Rb6 Ra4 0-1


[Site "https://www.chess.com"]

[Event "Titled Tuesday Blitz February 28 Early 2023"]
[White "Svane, Rasmus"]
[Black "Msellek, Ilyass"]
[WhiteFideId "4657101"]
[BlackFideId "675938"]
[WhiteElo "2597"]
[BlackElo "2303"]
[Result "1-0"]
[Round "03"]
[TimeControl "180+2"]
[Date "2023.02.28"]
[WhiteClock "0:00:16"]
[BlackClock "0:00:02"]

1. Nf3 d5 2. g3 c6 3. Bg2 Nf6 4. O-O g6 5. c4 Bg7 6. b3 O-O 7. Bb2 a5 8. Nc3 Na6 9. Rc1 Bf5 10. cxd5 Nxd5 11. d3 Nab4 12. Qd2 Nxc3 13. Bxc3 Bxc3 14. Rxc3 Qc8 15. Rc4 Qe6 16. a3 Na6 17. Nd4 Qf6 18. Qxa5 Bd7 19. Qc3 Nc7 20. Qb2 Nd5 21. Rb1 h5 22. h4 Bg4 23. a4 Nb6 24. Rc2 Rfd8 25. Nf3 Qe6 26. Qe5 Nd5 27. Qxe6 Bxe6 28. Ne5 Nb4 29. Rcb2 Kg7 30. Nc4 Ra6 31. Bf3 Kf6 32. Kf1 Rd4 33. Nd2 Ra5 34. Be4 Bg4 35. Rc1 e5 36. Rc4 Rxc4 37. Nxc4 Ra8 38. Rb1 Ke6 39. Ke1 f5 40. Bg2 f4 41. gxf4 exf4 42. Nd2 g5 43. hxg5 h4 44. Bf3 Kf5 45. Bxg4+ Kxg4 46. Ne4 h3 47. Kd2 h2 48. g6 Kh3 49. e3 Kg2 50. exf4 Nd5 51. f5 h1=Q 52. Rxh1 Kxh1 53. f6 Nxf6 54. Nxf6 1-0


[Site "https://www.chess.com"]

[Event "Titled Tuesday Blitz February 28 Early 2023"]
[White "Matlakov, Maxim"]
[Black "Cherniaiev, Tykhon"]
[WhiteFideId "4168003"]
[BlackFideId "14182360"]
[WhiteElo "2666"]
[BlackElo "2450"]
[Result "0-1"]
[Round "03"]
[TimeControl "180+2"]
[Date "2023.02.28"]
[WhiteClock "0:00:04"]
[BlackClock "0:00:06"]

1. d4 Nf6 2. Nf3 e6 3. g3 Be7 4. Bg2 O-O 5. O-O d5 6. c4 dxc4 7. a4 Bd7 8. Nbd2 Bc6 9. Nxc4 Nbd7 10. b3 a5 11. Bb2 Nb6 12. Nce5 Be4 13. Rc1 Nbd5 14. Nd3 c6 15. Nc5 Bxc5 16. Rxc5 Qb6 17. Ne5 Rfd8 18. Bh3 Nd7 19. Nxd7 Rxd7 20. Re1 Rad8 21. e3 Nf4 22. Qg4 Nxh3+ 23. Qxh3 Rd5 24. Rc3 c5 25. dxc5 Rxc5 26. Qg4 Bg6 27. Rxc5 Qxc5 28. Rd1 Rxd1+ 29. Qxd1 Qd5 30. Qxd5 exd5 31. Bc3 Bc2 32. Bxa5 Bxb3 33. Bb6 Bxa4 34. Kf1 f6 35. Ke2 Kf7 36. Kd3 Ke6 37. Kd4 Bc2 38. Kc5 Be4 39. Kd4 Kf5 40. h3 Bg2 41. h4 Kg4 42. Kd3 Kf3 43. e4 dxe4+ 44. Kd2 h5 45. Be3 g5 46. Bd4 gxh4 47. gxh4 f5 48. Ke1 f4 49. Bb6 Bh3 50. Kd2 Kg2 51. Ke1 Bf5 52. Ba7 b5 53. Bc5 Kf3 54. Kd2 Be6 55. Ke1 e3 56. fxe3 fxe3 57. Kf1 Ke4 58. Ke2 Bg4+ 59. Ke1 Kd3 60. Kf1 Kd2 61. Bb4+ Kd1 62. Kg2 e2 63. Kf2 Kc2 64. Ke1 Kb3 65. Bd6 Kc3 66. Be5+ Kc4 67. Kd2 b4 68. Bf6 Kb3 69. Bg7 Ka3 70. Bf8 Ka4 71. Be7 b3 72. Bf6 Ka3 73. Be7+ Ka2 74. Bf6 b2 0-1


[Site "https://www.chess.com"]

[Event "Titled Tuesday Blitz February 28 Early 2023"]
[White "Dominguez Perez, Leinier"]
[Black "EREBUNI91"]
[WhiteFideId "3503240"]
[WhiteElo "2647"]
[BlackElo "2720"]
[Result "0-1"]
[Round "03"]
[TimeControl "180+2"]
[Date "2023.02.28"]
[WhiteClock "0:00:01"]
[BlackClock "0:00:30"]

1. d4 Nf6 2. Nf3 d5 3. e3 c5 4. Nbd2 Nc6 5. Bb5 e6 6. O-O Be7 7. dxc5 Bxc5 8. a3 a6 9. Bd3 e5 10. e4 O-O 11. b4 Ba7 12. Bb2 Re8 13. Qe2 Bg4 14. h3 Bh5 15. c3 Rc8 16. Rad1 Qe7 17. Rfe1 Rcd8 18. g3 Bg6 19. Nh4 Bxe4 20. Nxe4 Nxe4 21. Bxe4 dxe4 22. Qxe4 Qg5 23. Kg2 Rd2 24. Rxd2 Qxd2 25. Re2 Qd1 26. Nf3 Rd8 27. Nxe5 Re8 28. c4 Nxe5 29. Bxe5 f6 30. Qg4 fxe5 31. Rxe5 Qxg4 32. Rxe8+ Kf7 33. hxg4 Kxe8 34. f4 Bd4 35. a4 Kd7 36. Kf3 Kd6 37. g5 Bc3 38. b5 a5 0-1


[Site "https://www.chess.com"]

[Event "Titled Tuesday Blitz February 28 Early 2023"]
[White "Aradhya, Garg"]
[Black "Maghsoodloo, Parham"]
[WhiteFideId "25006746"]
[BlackFideId "12539929"]
[WhiteElo "2278"]
[BlackElo "2659"]
[Result "0-1"]
[Round "03"]
[TimeControl "180+2"]
[Date "2023.02.28"]
[WhiteClock "0:00:02"]
[BlackClock "0:00:20"]

1. d4 Nf6 2. Nf3 d5 3. c4 e6 4. Nc3 Bb4 5. cxd5 exd5 6. Bg5 h6 7. Bh4 O-O 8. e3 Bf5 9. Be2 Nbd7 10. O-O c6 11. Qb3 a5 12. Rfc1 Qb8 13. Bg3 Qa7 14. a3 Be7 15. Qd1 a4 16. Bd3 Bxd3 17. Qxd3 b5 18. Ne2 Rac8 19. Ne5 Qb7 20. Rc2 Nb6 21. b3 axb3 22. Qxb3 Qa8 23. f3 Nfd7 24. Nxd7 Nxd7 25. a4 Nb6 26. Nc3 Qa5 27. Rca2 b4 28. Ne2 c5 29. dxc5 Bxc5 30. Bf2 Rfe8 31. Nf4 Bd6 32. Be1 d4 33. Nd3 Rxe3 34. Bd2 Rc3 35. Bxc3 dxc3 36. Rd1 Re6 37. g3 Nd5 38. Re1 Qa7+ 39. Kh1 Qd4 40. Rxe6 fxe6 41. Nf2 Bc5 42. Re2 Kf7 43. a5 Ne3 44. a6 Qd5 45. Qxd5 exd5 46. Nd3 b3 47. Nxc5 b2 48. Re1 c2 49. a7 b1=Q 50. Rg1 c1=Q 51. Rxc1 Qxc1# 0-1


[Site "https://www.chess.com"]

[Event "Titled Tuesday Blitz February 28 Early 2023"]
[White "Sanal, Vahap"]
[Black "Costachi, Mihnea"]
[WhiteFideId "6300545"]
[BlackFideId "1217518"]
[WhiteElo "2605"]
[BlackElo "2456"]
[Result "1-0"]
[Round "03"]
[TimeControl "180+2"]
[Date "2023.02.28"]
[WhiteClock "0:00:50"]
[BlackClock "0:00:06"]

1. Nf3 Nf6 2. b3 g6 3. Bb2 Bg7 4. g3 O-O 5. Bg2 d6 6. d4 c5 7. dxc5 dxc5 8. Nbd2 Nc6 9. O-O Qc7 10. e4 Rd8 11. Qe2 b6 12. e5 Ne8 13. Rfe1 e6 14. Ne4 Bb7 15. Nf6+ Nxf6 16. exf6 Bh6 17. h4 Nd4 18. Nxd4 cxd4 19. Bxb7 Qxb7 20. Rad1 Rd7 21. Rxd4 Rad8 22. Red1 Rxd4 23. Rxd4 Rxd4 24. Bxd4 Qd5 25. c3 Bf8 26. Qe5 Bd6 27. Qxd5 exd5 28. Kg2 Kf8 29. Kf3 Ke8 30. Kg4 Kd7 31. h5 Ke6 32. Kg5 Bf8 33. f4 Bd6 34. Kh6 gxh5 35. Kxh5 Kf5 36. Kh6 Bc5 37. Kg7 Bxd4 38. cxd4 Ke4 39. Kxf7 Kxd4 40. Kg7 Kc3 41. f7 d4 42. f8=Q d3 43. Qd6 d2 44. f5 d1=Q 45. Qxd1 1-0


[Site "https://www.chess.com"]

[Event "Titled Tuesday Blitz February 28 Early 2023"]
[White "Kovalenko, Igor"]
[Black "Malek, Jan"]
[WhiteFideId "14117908"]
[BlackFideId "21864080"]
[WhiteElo "2574"]
[BlackElo "2255"]
[Result "1-0"]
[Round "03"]
[TimeControl "180+2"]
[Date "2023.02.28"]
[WhiteClock "0:01:22"]
[BlackClock "0:00:05"]

1. c4 c5 2. Nf3 Nc6 3. Nc3 g6 4. e3 Nf6 5. d4 cxd4 6. exd4 d5 7. cxd5 Nxd5 8. Qb3 Nxc3 9. Bc4 e6 10. bxc3 Bg7 11. Ba3 Bf8 12. Bb5 Bd7 13. Bxf8 Kxf8 14. O-O Kg7 15. c4 Ne7 16. Bxd7 Qxd7 17. Rad1 Rhd8 18. Rfe1 Kg8 19. Ne5 Qc7 20. Ng4 Nf5 21. d5 Qf4 22. Nf6+ Kg7 23. Qb2 e5 24. Rxe5 Nd4 25. Nh5+ gxh5 26. Re3 Qf6 27. Rxd4 Rac8 28. Qd2 Kh8 29. Rf3 Qg7 30. g3 Rd7 31. Rf5 Qg6 32. Rdf4 Rxc4 33. Qb2+ Kg8 34. Rxc4 Qxf5 1-0


[Site "https://www.chess.com"]

[Event "Titled Tuesday Blitz February 28 Early 2023"]
[White "Barbosa, Evandro Amorim"]
[Black "Grigoriants, Sergey"]
[WhiteFideId "2115824"]
[BlackFideId "4130804"]
[WhiteElo "2439"]
[BlackElo "2502"]
[Result "1/2-1/2"]
[Round "03"]
[TimeControl "180+2"]
[Date "2023.02.28"]
[WhiteClock "0:00:31"]
[BlackClock "0:00:16"]

1. e4 e5 2. Nf3 Nc6 3. Bb5 a6 4. Ba4 Nf6 5. d3 b5 6. Bb3 Bc5 7. Nc3 h6 8. Nd5 d6 9. c3 O-O 10. Nxf6+ Qxf6 11. Bd5 Bd7 12. Rg1 Qg6 13. g4 Ne7 14. Bxa8 Rxa8 15. Nh4 Qe6 16. Nf5 d5 17. g5 Nxf5 18. exf5 Qxf5 19. Qe2 h5 20. Bd2 g6 21. O-O-O Re8 22. Rgf1 d4 23. f3 Bc6 24. Kb1 Rd8 25. cxd4 Bxd4 26. Be3 b4 27. f4 Bb5 28. Ka1 exf4 29. Rxf4 Qe5 30. Re4 Qxe4 31. dxe4 Bxe2 32. Rxd4 Rxd4 33. Bxd4 Bf3 34. e5 b3 35. axb3 Kf8 36. Kb1 Ke7 37. h4 Ke6 38. Kc2 Kf5 39. Kc3 Bd5 40. b4 Kf4 41. Bf2 Kxe5 42. Be1 Ke4 43. Bf2 c6 44. Be1 Kf3 45. Kd2 Kf4 46. Kc3 Be6 47. Kc2 Ke3 48. Kc3 Bd5 49. Kc2 Ke2 50. Bg3 Kf3 51. Be1 Ke3 52. Kc3 Ke2 53. Bg3 Kf3 54. Be1 Ke4 55. Kd2 Be6 56. Kc3 Bf5 57. Bg3 Kf3 58. Be1 Ke2 59. Bg3 Ke3 60. Be1 Be6 61. Bg3 Kf3 62. Be1 Ke4 63. Bg3 Kf5 64. Be1 Ke5 65. Bg3+ Ke4 66. Be1 Bh3 67. Bg3 Bf1 68. Be1 Bb5 69. Bg3 Kf3 70. Be1 Ke3 71. Bg3 Ke4 72. Be1 Kf3 73. Kd2 Kg2 74. Kc3 Kf3 75. Kd2 Kf4 76. Kc3 Ke4 77. Bg3 Kf3 78. Be1 Kg4 79. Kd4 Kf5 80. Kc3 f6 81. gxf6 Kxf6 82. Bd2 Kf5 83. Bg5 1/2-1/2


[Site "https://www.chess.com"]

[Event "Titled Tuesday Blitz February 28 Early 2023"]
[White "Steinberg, Nitzan"]
[Black "Srihari L R"]
[WhiteFideId "2801795"]
[BlackFideId "46617116"]
[WhiteElo "2486"]
[BlackElo "2334"]
[Result "1-0"]
[Round "03"]
[TimeControl "180+2"]
[Date "2023.02.28"]
[WhiteClock "0:00:08"]
[BlackClock "0:00:01"]

1. Nf3 d5 2. d4 Nf6 3. c4 e6 4. Nc3 c5 5. e3 Nc6 6. a3 cxd4 7. exd4 a6 8. Bd3 dxc4 9. Bxc4 Be7 10. O-O O-O 11. Re1 b5 12. Bb3 Bb7 13. Bg5 Re8 14. Rc1 Na5 15. Ba2 Rc8 16. Ne5 Nc4 17. Nxc4 bxc4 18. Qd2 h6 19. Bh4 Qa5 20. Rcd1 Red8 21. Qe2 Qc7 22. Bb1 Qc6 23. f3 Qb6 24. Bf2 Nd5 25. Qc2 g6 26. Na4 Qb5 27. Nc5 Bc6 28. Nxe6 Re8 29. Nc5 Bf8 30. h4 h5 31. Ne4 Re6 32. Ng5 Rxe1+ 33. Rxe1 Nf4 34. Re5 Qb7 35. Qd2 Nd5 36. Ne4 Rb8 37. Bc2 Qxb2 38. Rxd5 Bxd5 39. Nf6+ Kh8 40. Nxd5 Qxa3 41. Bg3 Rb2 42. Be5+ Kg8 43. Nf6+ Kg7 44. Nxh5+ Kg8 45. Nf6+ Kg7 46. h5 Bd6 47. Ne8+ Kg8 48. Nxd6 Qa1+ 49. Kh2 Qa5 50. Qh6 1-0


[Site "https://www.chess.com"]

[Event "Titled Tuesday Blitz February 28 Early 2023"]
[White "Darini, Pouria"]
[Black "Timofeev, Artyom"]
[WhiteFideId "12502200"]
[BlackFideId "4140419"]
[WhiteElo "2482"]
[BlackElo "2586"]
[Result "1-0"]
[Round "03"]
[TimeControl "180+2"]
[Date "2023.02.28"]
[WhiteClock "0:00:07"]
[BlackClock "0:00:04"]

1. e4 c5 2. Nf3 d6 3. d4 cxd4 4. Nxd4 Nf6 5. Nc3 g6 6. Be3 Bg7 7. f3 Nc6 8. Qd2 O-O 9. O-O-O Nxd4 10. Bxd4 Be6 11. Kb1 Rc8 12. g4 a6 13. h4 h5 14. g5 Nd7 15. Bxg7 Kxg7 16. Qd4+ Kg8 17. f4 Qb6 18. Be2 Qxd4 19. Rxd4 Kg7 20. Rf1 f5 21. Bf3 fxe4 22. Bxe4 Rc7 23. Nd5 Bxd5 24. Rxd5 Nc5 25. Bg2 b5 26. f5 gxf5 27. Rdxf5 Rxf5 28. Rxf5 Ne6 29. Bd5 Nd8 30. Rf4 Rc5 31. Bf3 Re5 32. a4 Ne6 33. Rb4 Kg6 34. axb5 axb5 35. Be4+ Kg7 36. Bf3 Kg6 37. Be4+ Kg7 38. Bd3 Nc7 39. c3 Rc5 40. Rf4 e5 41. Rf6 d5 42. Rg6+ Kf7 43. Rf6+ Kg7 44. Be2 e4 45. Bxh5 e3 46. Rf7+ Kg8 47. Re7 d4 48. cxd4 Rc4 49. Bf7+ Kf8 50. Bxc4 Kxe7 51. Bd3 Ne6 52. d5 Nf4 53. Bxb5 Kd6 54. Kc1 Kxd5 55. Kd1 Ke4 56. b4 Kf3 57. Bc4 Ke4 58. b5 Kd4 59. Be2 Kc5 60. h5 Nd5 61. g6 Nc3+ 62. Ke1 Ne4 63. g7 Nf6 64. h6 Kb6 65. h7 Nxh7 66. g8=Q 1-0


[Site "https://www.chess.com"]

[Event "Titled Tuesday Blitz February 28 Early 2023"]
[White "Kozak, Adam"]
[Black "Csonka, Balazs"]
[WhiteFideId "753246"]
[BlackFideId "742910"]
[WhiteElo "2469"]
[BlackElo "2404"]
[Result "1-0"]
[Round "03"]
[TimeControl "180+2"]
[Date "2023.02.28"]
[WhiteClock "0:00:43"]
[BlackClock "0:00:04"]

1. c4 c5 2. Nf3 Nf6 3. Nc3 g6 4. d4 cxd4 5. Nxd4 d5 6. cxd5 Nxd5 7. Ndb5 Nxc3 8. Qxd8+ Kxd8 9. Nxc3 Bg7 10. g3 Bd7 11. Bf4 Bxc3+ 12. bxc3 Bc6 13. O-O-O+ Ke8 14. f3 Nd7 15. e4 e5 16. Bh6 Ke7 17. h4 Rhc8 18. Kb2 Nb6 19. h5 Na4+ 20. Kc2 Nxc3 21. Kxc3 Ba4+ 22. Kd2 Bxd1 23. Kxd1 Rc3 24. hxg6 hxg6 25. Bg5+ Ke6 26. Rh7 Rxf3 27. Bc4+ Kd6 28. Rxf7 Rxg3 29. Be7+ Kc6 30. Bf6 Kc5 31. Bd5 Kd4 32. Rxb7 Rf8 33. Rb4+ Ke3 34. Rb3+ Kf2 35. Bh4 1-0


[Site "https://www.chess.com"]

[Event "Titled Tuesday Blitz February 28 Early 2023"]
[White "Domingo Nunez, Ruben"]
[Black "Vokhidov, Shamsiddin"]
[WhiteFideId "22245570"]
[BlackFideId "14204223"]
[WhiteElo "2404"]
[BlackElo "2570"]
[Result "0-1"]
[Round "03"]
[TimeControl "180+2"]
[Date "2023.02.28"]
[WhiteClock "0:00:07"]
[BlackClock "0:00:16"]

1. c4 Nf6 2. g3 c5 3. Bg2 Nc6 4. Nc3 e6 5. Nf3 d5 6. cxd5 exd5 7. d4 cxd4 8. Nxd4 Bc5 9. Nb3 Bb6 10. O-O d4 11. Na4 O-O 12. Nxb6 axb6 13. Bxc6 bxc6 14. Qxd4 Be6 15. Bg5 c5 16. Qf4 Re8 17. Rfd1 Nd5 18. Bxd8 Nxf4 19. gxf4 Rexd8 20. f3 Rxd1+ 21. Rxd1 g5 22. f5 Bxf5 23. Nc1 Be6 24. Rd6 b5 25. Rb6 Rd8 26. Kf2 c4 27. Rxb5 h6 28. Ke1 Kg7 29. b3 Rc8 30. bxc4 Rxc4 31. Nd3 Rh4 32. Nc5 Bxa2 33. Rb2 Bc4 34. e3 Kf6 35. Ne4+ Ke5 36. Rb5+ Bxb5 0-1


[Site "https://www.chess.com"]

[Event "Titled Tuesday Blitz February 28 Early 2023"]
[White "Mitrabha, Guha"]
[Black "Manukyan, Sargis A."]
[WhiteFideId "5057000"]
[BlackFideId "13303970"]
[WhiteElo "2520"]
[BlackElo "2187"]
[Result "1-0"]
[Round "03"]
[TimeControl "180+2"]
[Date "2023.02.28"]
[WhiteClock "0:00:15"]
[BlackClock "0:00:20"]

1. d4 d5 2. Nf3 Nf6 3. c4 e6 4. g3 Be7 5. Bg2 O-O 6. O-O dxc4 7. Qc2 a6 8. a4 Bd7 9. Qxc4 Bc6 10. Bg5 b5 11. Qc2 Be4 12. Qc1 Nc6 13. axb5 axb5 14. Rxa8 Qxa8 15. Nc3 Nxd4 16. Qe3 Nxf3+ 17. exf3 Bc6 18. Rc1 b4 19. Ne4 Nd5 20. Qd2 Bxg5 21. Qxg5 h6 22. Qd2 Rd8 23. Qc2 Bb7 24. Nc5 Qa7 25. f4 Ba8 26. f5 exf5 27. Qxf5 Nf6 28. Bxa8 Qxa8 29. Nd3 Qd5 30. Qxd5 Nxd5 31. Kf1 b3 32. Nc5 Nb4 33. Nxb3 Rb8 34. Nc5 Nd5 35. b3 Rb5 36. Ke2 Kf8 37. Kd3 Ke7 38. Kc4 c6 39. Nd3 Kd6 40. b4 Rb8 41. Ra1 Re8 42. Ra6 Rb8 43. Ra7 Nb6+ 44. Kd4 Nd7 45. Kc3 Re8 46. Ra6 Re6 47. b5 Kc7 48. Ra7+ Kd8 49. b6 Nxb6 50. Rxf7 Nd5+ 51. Kd4 Re7 52. Rf8+ Kd7 53. Nc5+ Kd6 54. Ne4+ Kd7 55. f3 Nb6 56. Kc5 Kc7 57. Rg8 g5 58. Rg6 Re5+ 59. Kd4 Rd5+ 60. Kc3 Rf5 61. Rxh6 Rxf3+ 62. Kd4 Rf7 63. Nxg5 Rd7+ 64. Ke4 Rd5 65. Ne6+ Kb8 66. Rh8+ Kb7 67. Rh7+ Ka6 68. Nc7+ Ka5 69. Nxd5 cxd5+ 70. Kd4 Kb5 71. Rb7 Kc6 72. Rxb6+ Kxb6 73. Kxd5 Kc7 74. Ke6 Kd8 75. Kf7 Kd7 76. h4 Kd6 77. h5 Ke5 78. h6 Kf5 79. h7 Kg5 80. h8=Q Kg4 81. Qh4+ Kf3 82. g4 Kg2 83. g5 Kf3 84. g6 Ke3 85. g7 Kf3 86. g8=Q Ke2 87. Qg2+ Kd1 88. Qhh1# 1-0


[Site "https://www.chess.com"]